 Dungeon Crawl Stone Soup version 0.22-a0-32-ga749362bc3 (webtiles) character file.

9 Kaname the Magician (level 2, 3/19 HPs)
             Began as a Demonspawn Wizard on Jan 3, 2018.
             Quit the game on level 1 of the Dungeon.
             The game lasted 00:00:39 (252 turns).

Kaname the Magician (Demonspawn Wizard)              Turns: 252, Time: 00:00:39

Health: 3/19       AC:  2    Str:  7    XL:     2   Next: 3%
Magic:  0/6        EV: 12    Int: 19    God:
Gold:   12         SH:  0    Dex: 13    Spells: 6/7 levels left

rFire    . . .     SeeInvis .   (no weapon)
rCold    . . .     Gourm    .   (no shield)
rNeg     . . .     Faith    .   a - +0 robe
rPois    .         Spirit   .   b - +0 hat
rElec    .         Reflect  .   (no cloak)
rCorr    .         Harm     .   (no gloves)
MR       .....                  (no boots)
Stlth    ++........             (no amulet)
HPRegen  0.06/turn              (no ring)
MPRegen  0.10/turn              (no ring)

@: no status effects
A: thin skeletal structure 1
a: no special abilities


You were on level 1 of the Dungeon.
You were not hungry.

You visited 1 branch of the dungeon, and saw 1 of its levels.

You collected 12 gold pieces.

Inventory:

Armour
 a - a +0 robe (worn)
 b - a +0 hat (worn)
Scrolls
 e - a scroll of immolation {unknown}
 f - a scroll of identify {unknown}
Books
 c - a book of Minor Magic

   Spells                             Type                      Level
   a - Magic Dart                     Conjuration                  1
   b - Blink                          Translocation                2
   c - Call Imp                       Summoning                    2
   d - Slow                           Hexes                        2
   e - Conjure Flame                  Conjuration/Fire             3
   f - Mephitic Cloud                 Conjuration/Poison/Air       3
Comestibles
 d - a ration


   Skills:
 - Level 1.7 Dodging
 - Level 1.7 Stealth
 - Level 3.0 Spellcasting
 + Level 2.1 Conjurations
   Level 1.0 Summonings
   Level 0.8 Translocations


You had 6 spell levels left.
You knew the following spells:

 Your Spells              Type           Power        Failure   Level  Hunger
a - Magic Dart            Conj           ##..         6%          1    None


Dungeon Overview and Level Annotations

Branches:
Dungeon (1/15)

Altars:


Innate Abilities, Weirdness & Mutations

You have a somewhat thin skeletal structure. (Dex +2, Stealth)


Message History

The ooze misses you.
You completely miss the ooze.
The ooze is severely wounded.
The ooze hits you.
Casting: Magic Dart
Confirm with . or Enter, or press ? or * to list all spells.
Aiming: Magic Dart
Press: ? - help, Shift-Dir - straight line, f/p - ooze
Aim: an ooze (severely wounded)
The magic dart hits the ooze.
The ooze is almost dead.
The ooze hits you.
* * * LOW HITPOINT WARNING * * *
You hit the ooze.
You kill the ooze!
Your Conjurations skill increases to level 2!
You have reached level 2!
Your demonic ancestry asserts itself...
Your bones become slightly less dense.
Are you sure you want to abandon this character and quit the game? (Confirm with "yes".)

#.#.≈≈≈≈≈≈≈≈##)##≈≈
#...≈≈≈≈≈≈≈≈≈...≈≈≈
#..≈≈≈≈≈≈≈≈≈≈..≈≈≈≈
#..≈≈≈≈≈≈≈≈≈≈..†≈≈≈
#..≈≈≈≈≈≈≈≈≈...≈≈≈≈
#..≈≈≈≈≈≈≈≈≈....≈≈≈
#..≈≈≈≈≈≈≈≈≈).....≈
#...≈≈≈≈≈≈≈........
#.@.≈≈≈≈≈≈.........
#....≈........≈≈≈..
#............≈≈≈≈≈≈
#............≈≈≈≈≈≈
##..........≈≈≈≈≈≈≈
#.....##'##≈≈≈≈≈≈≈
#..≈≈##...##≈≈≈≈≈≈
#.≈≈≈#.....#≈≈≈≈≈≈
#.≈≈≈#..<..#≈≈≈≈≈≈


There were no monsters in sight!

Vanquished Creatures
  An ooze (D:1)
  A goblin (D:1)
  2 hobgoblins (D:1)
4 creatures vanquished.

Notes
Turn   | Place    | Note
-------+----------+-------------------------------------------
     0 | D:1      | Kaname the Demonspawn Wizard began the quest for the Orb.
     0 | D:1      | Reached XP level 1. HP: 13/13 MP: 4/4
   251 | D:1      | Gained mutation: You have a somewhat thin skeletal structure. (Dex +2, Stealth) [demonic ancestry]
   251 | D:1      | Reached XP level 2. HP: 2/19 MP: 0/6
   252 | D:1      | Quit the game

Vault maps used:
D:1:      minmay_arrival_shoal_huts

Skill      XL: |  1 |
---------------+----+-----
Conjurations   | 2 |  2.1
Dodging        | |  1.7
Stealth        | |  1.7
Spellcasting   | |  3.0
Summonings     | |  1.0
Translocations | |  0.8

Action                   || total
-------------------------++-------
Melee: Unarmed           ||     8
 Cast: Magic Dart        ||    13
Armor: Robe              ||     1
Dodge: Dodged            ||     4

Table legend:
 A = Spawn XP
 B = Non-spawn XP
 C = Spawn XP percentage of total XP
 D = Spawn monster count
 E = Non-spawn monster count
 F = Spawn count percentage of total count
 G = Total turns spent on level
                    A         B        C        D         E        F      G
               +---------+---------+-------+---------+---------+-------+---------
         Total |       0 |      13 |   0.0 |       0 |       4 |   0.0 |   252
               +---------+---------+-------+---------+---------+-------+---------
           D:1 |       0 |      13 |   0.0 |       0 |       4 |   0.0 |   252
               +---------+---------+-------+---------+---------+-------+---------
